 Dungeon Crawl Stone Soup version 0.28-a0-1074-g3cb2360906 (webtiles) character file.

Game seed: 683680953290181592

35 Lekart the Skirmisher (level 3, -1/49 HPs)
             Began as a Draconian Chaos Knight on Dec 9, 2021.
             Was a Plaything of Xom.
             Slain by an adder (5 damage)
             ... on level 2 of the Dungeon.
             The game lasted 00:01:00 (662 turns).

Lekart the Skirmisher (Draconian Chaos Knight)       Turns: 662, Time: 00:01:01

Health: -1/49      AC:  5    Str: 14    XL:     3   Next: 17%
Magic:  3/3        EV: 12    Int: 12    God:    Xom [..*...]
Gold:   8          SH:  0    Dex: 12    Spells: 2/2 levels left

rFire   . . .      SeeInvis .   a - +0 hand axe (chaos)
rCold   . . .      Faith    .   (no shield)
rNeg    + . .      Spirit   .   (armour unavailable)
rPois   .          Reflect  .   (helmet restricted)
rElec   .          Harm     .   (no cloak)
rCorr   .          Rampage  .   (no gloves)
Will    .....                   (no boots)
Stlth   ..........              (no amulet)
HPRegen 0.16/turn               b - ring of positive energy
MPRegen 0.08/turn               (no ring)

@: berserking, lethally poisoned (-1 -> -6), slowed
A: AC +5, unfitting armour, cold-blooded
a: Renounce Religion


You were on level 2 of the Dungeon.
You worshipped Xom.
You were a toy of Xom.
You visited 1 branch of the dungeon, and saw 2 of its levels.

You collected 8 gold pieces.

Inventory:

Hand Weapons
 a - a +0 hand axe of chaos (weapon)
Jewellery
 b - a ring of positive energy (left hand)
 g - a +6 ring of dexterity
Scrolls
 d - 2 scrolls of vulnerability {unknown}
 f - a scroll of immolation {unknown}
 h - a scroll of teleportation {unknown}
Potions
 c - a potion of berserk rage
 e - a potion of curing {unknown}


   Skills:
 * Level 4.2 Fighting
 + Level 3.4 Axes
 + Level 2.3 Dodging


You had 2 spell levels left.
You didn't know any spells.
Your spell library was empty.

Dungeon Overview and Level Annotations

Branches:
Dungeon (2/15)

Altars:


Innate Abilities, Weirdness & Mutations

Your plain brown scales are hard. (AC +5)
You cannot fit into any form of body armour.
You are cold-blooded and may be slowed by cold attacks.


Message History

You are frozen.
There are monsters nearby!
You hit the endoplasm.
The endoplasm is severely wounded.
You closely miss the adder.
You feel very sick. The adder bites you. The endoplasm freezes you.
You are frozen.
You are too injured to fight recklessly!
You are too injured to fight recklessly!
You are too injured to fight recklessly!
You are too injured to fight recklessly!
It was a potion of berserk rage.
A red film seems to cover your vision as you go berserk!
You feel yourself moving faster!
You feel mighty!
Xom thinks this is hilarious!
You feel sick. The adder closely misses you. The endoplasm freezes you.
You are frozen.
You feel yourself slow down. The adder bites you.
* * * LOW HITPOINT WARNING * * *
You are more poisoned.
The adder poisons you!
Unknown command.
You closely miss the adder.
The adder is moderately wounded.
You slash the endoplasm! You freeze the endoplasm.
You kill the endoplasm!
You feel very sick. The adder bites you but does no damage.
You miss the adder.
Your tail-slap misses the adder.
The adder is moderately wounded.
You feel sick. The adder bites you.
* * * LOW HITPOINT WARNING * * *
The adder closely misses you.
You closely miss the adder.
The adder is moderately wounded.
* * * LOW HITPOINT WARNING * * *
You feel sick. The adder bites you.
You die...

.. #. # #. .
#.##. ......##
[##.#...#######.
......#..S.$...(
#...<@# #.#.#.#
...#.# #.#.#.#
#.....# # ....#
#...## #...


You could see an adder (strong).

Vanquished Creatures
  A dart slug (D:1)
  4 ball pythons (D:1)
  A bat (D:1)
  3 endoplasms
  A giant cockroach (D:1)
  4 goblins (D:1)
  6 hobgoblins (D:1)
  2 kobolds (D:1)
  A quokka (D:1)
  A frilled lizard (D:1)
  5 rats (D:1)
29 creatures vanquished.

Notes
Turn   | Place    | Note
-------+----------+-------------------------------------------
     0 | D:1      | Lekart the Draconian Chaos Knight began the quest for the
                  | Orb.
     0 | D:1      | Reached XP level 1. HP: 19/19 MP: 1/1
    24 | D:1      | Reached XP level 2. HP: 13/27 MP: 2/2
   163 | D:1      | Found a faded altar of an unknown god.
   219 | D:1      | Reached skill level 4 in Fighting
   450 | D:1      | Reached XP level 3. HP: 33/33 MP: 3/3
   582 | D:1      | XOM: silly message
   662 | D:2      | Slain by an adder

Illustrated notes

Levels and vault maps discovered:
D:1:      ncdulo_watergridlock, layout_rooms, ebering_ecumenical_altar_box
D:2:      layout_loops_cross, basic_altar, minivault_19, uniq_terence

Skill      XL: |  1  2 |
---------------+-------+-----
Fighting       | 4 |  4.2
Axes           | |  3.4
Dodging        | |  2.3

Action                   || total
-------------------------++-------
Melee: Hand axe          ||    70
       Tailslap          ||     5
  Use: Potion            ||     1
Armor: Skin              ||    12
Dodge: Dodged            ||    54

Table legend: (Time is in decaauts)
 A = Elapsed time spent in this place.
 B = Non-inter-level travel time spent in this place.
 C = Inter-level travel time spent in this place.
 D = Time resting spent in this place.
 E = Time spent auto-exploring this place.
 F = Levels seen in this place.
 G = Mean time per level.
                   A        B        C        D        E       F      G
               +--------+--------+--------+--------+--------+-----+--------+
         Total |    671 |    647 |     24 |      0 |    492 |   2 |  335.5 |
       Dungeon |    671 |    647 |     24 |      0 |    492 |   2 |  335.5 |
               +--------+--------+--------+--------+--------+-----+--------+

Top non-repeatable levels by time:
     D:1: 661 daAuts
     D:2: 10 daAuts
